 Dungeon Crawl Stone Soup version 0.31.0-32-g396128a36d (webtiles) character file.

Game seed: 854550326734960445

24934 Peloso the Tortoise (level 12, -1/112 HPs)
             Began as a Minotaur Fighter on Mar 10, 2024.
             Was a High Priest of Okawaru.
             Slain by a dire elephant simulacrum (6 damage)
             ... in an ice cave.
             The game lasted 00:30:45 (15482 turns).

Peloso the Tortoise (Minotaur Fighter)             Turns: 15482, Time: 00:30:46

Health: -1/112     AC: 22    Str: 22    XL:     12   Next: 85%
Magic:  12/12      EV: 10    Int:  5    God:    Okawaru [*****.]
Gold:   456        SH:  6    Dex: 14    Spells: 11/11 levels left

rFire   . . .        a - +1 long sword (elec)
rCold   + + .        d - +0 buckler
rNeg    . . .        N - +1 chain mail {rC+}
rPois   +            (helmet restricted)
rElec   .            (no cloak)
rCorr   .            (no gloves)
SInv    .            I - +2 pair of boots of Vyiguovae {Fly rPois}
Will    .....        (no amulet) Stlth
                     u - ring of protection from cold
HPRegen 0.38/turn    G - +4 ring of protection
MPRegen 0.13/turn

%: no passive effects
@: flying
A: horns 2, retaliatory headbutt
a: Renounce Religion, Heroism, Finesse, Duel


You were in an ice cave.
You worshipped Okawaru.
Okawaru was extremely pleased with you.
You visited 3 branches of the dungeon, and saw 14 of its levels.
You also visited: Ossuary and Ice Cave.

You collected 731 gold pieces.
You spent 275 gold pieces at shops.

Inventory:

Hand Weapons
 a - a +1 long sword of electrocution (weapon)
 b - a +0 spear of flaming
 c - a +1 scimitar of venom
Armour
 d - a +0 buckler (worn)
 l - a +0 plate armour
 I - the +2 pair of boots of Vyiguovae (worn) {Fly rPois}
   (You bought it in a shop on level 9 of the Dungeon)

   rPois:     It protects you from poison Fly: It grants you flight.
 N - a +1 chain mail of cold resistance (worn)
Jewellery
 o - a ring of flight
 u - a ring of protection from cold (left hand)
 C - a +6 ring of intelligence
 G - a +4 ring of protection (right hand)
Wands
 h - a wand of roots (22)
 r - a wand of flame (66)
 F - a wand of acid (7)
 J - a wand of polymorph (7)
 L - a wand of mindburst (5)
 O - a wand of paralysis (4)
Scrolls
 f - 5 scrolls of teleportation
 g - 8 scrolls of immolation
 i - 5 scrolls of enchant weapon
 k - 2 scrolls of revelation
 n - 3 scrolls of poison
 v - a scroll of acquirement
 x - 5 scrolls of enchant armour
 y - 4 scrolls of amnesia
 z - a scroll of silence
 A - 4 scrolls of fear
Potions
 j - a potion of curing
 q - a potion of enlightenment
 t - 2 potions of haste
 w - 2 potions of cancellation
 B - 2 potions of attraction {unknown}
 D - 2 potions of lignification
 E - a potion of mutation {unknown}
 K - 2 potions of magic {unknown}
Miscellaneous
 P - a condenser vane


   Skills:
 + Level 12.0 Fighting
 + Level 14.7 Long Blades
 * Level 0.9 Throwing
 + Level 15.0 Armour
 + Level 4.6 Dodging
 + Level 2.1 Stealth
 + Level 9.5 Shields
 + Level 1.8 Invocations
 + Level 1.2 Evocations


You had 11 spell levels left.
You didn't know any spells.
Your spell library contained the following spells:

 Spells                   Type           Power      Damage    Failure   Level
 Magic Dart               Conj           0%         1d3       94%         1
 Blink                    Tloc           0%         N/A       98%         2
 Mercury Vapours          Alch/Air       0%         N/A       98%         2
 Scorch                   Fire           0%         2d5       98%         2
 Static Discharge         Conj/Air       0%         3-3/arc   98%         2
 Dazzling Flash           Conj/Hex       0%         N/A       100%        3
 Frozen Ramparts          Ice            0%         1d1       100%        3
 Mephitic Cloud           Conj/Alch/Air  0%         N/A       100%        3
 Stone Arrow              Conj/Erth      0%         3d7       100%        3
 Airstrike                Air            0%         2d(0-16)  100%        4
 Flame Wave               Conj/Fire      0%         2d4       100%        4
 Curse of Agony           Necr           0%         N/A       100%        5
 Silence                  Hex/Air        0%         N/A       100%        5
 Conjure Ball Lightning   Conj/Air       0%         3x3d6     100%        6
 Discord                  Hex            0%         N/A       100%        8
 Disjunction              Tloc           0%         N/A       100%        8
 Lehudib's Crystal Spear  Conj/Erth      0%         10d2      100%        8
 Call Imp                 Summ           Unusable   N/A       N/A         2
 Animate Armour           Summ/Erth      Unusable   N/A       N/A         4
 Summon Lightning Spire   Summ/Air       Unusable   N/A       N/A         4
 Summon Cactus Giant      Summ           Unusable   N/A       N/A         6

Dungeon Overview and Level Annotations

Branches:
Dungeon (11/15)            Temple (1/1) D:7            Lair (2/5) D:8
 Shoals (0/4) Lair:2        Snake (0/4) Lair:2      Ossuary (visited)
  IceCv (1/1)
    Orc: D:9-12

Altars:
Ashenzari
Cheibriados
Dithmenos
Elyvilon
Fedhas
Gozag
Hepliaklqana
Kikubaaqudgha
Makhleb
Nemelex Xobeh
Okawaru
Qazlal
Ru
Sif Muna
Trog
Uskayaw
Vehumet
Wu Jian
Xom
Yredelemnul
Zin
The Shining One

Shops:
D:9 [

Annotations:
D:3 3 runed translucent doors, Tizio's ghost, amateur MiFi


Innate Abilities, Weirdness & Mutations

You have a pair of horns on your head.
You reflexively headbutt those who attack you in melee.


Message History

Your resistance to elements expires.
A harpy simulacrum is nearby!
You barely miss the harpy simulacrum.
Your headbutt misses the harpy simulacrum.
You block the harpy simulacrum's attack.
The harpy simulacrum claws you.
* * * LOW HITPOINT WARNING * * *
The harpy simulacrum freezes you. You resist.
* * * LOW HITPOINT WARNING * * *
You block the harpy simulacrum's attack.
The harpy simulacrum closely misses you.
You slash the harpy simulacrum!
The harpy simulacrum is heavily damaged.
The harpy simulacrum claws you!
* * * LOW HITPOINT WARNING * * *
The harpy simulacrum freezes you. You resist.
* * * LOW HITPOINT WARNING * * *
The harpy simulacrum closely misses you.
The harpy simulacrum completely misses you.
The harpy simulacrum claws you but does no damage.
Unknown command.
You slice the harpy simulacrum!!
The harpy simulacrum vaporises!
Okawaru accepts your kill.
Unknown command.
You start resting.
You feel a little less mighty now.
You start resting.
A dire elephant simulacrum is nearby!
You slash the dire elephant simulacrum!
The dire elephant simulacrum is moderately damaged.
Unknown command.
You slash the dire elephant simulacrum!
Lightning courses through the dire elephant simulacrum!
The dire elephant simulacrum is severely damaged.
The dire elephant simulacrum tramples you!
* * * LOW HITPOINT WARNING * * *
You hold your ground!
The dire elephant simulacrum trunk-slaps you.
You die...

#§°☼☼.# ##...#
#.# #☼§§§.#
##..#.# ##.
##○§§# #...#.##
#. #§○§§#
##..###.# ##
##§§§###...###.#
#°§###...###..#
##○###..## #..#
##.#...# #.##
#@Z#...# #..##
###...## ##..#
#..##### #..#
#.####.####.## #
#..##.(?# #..###
##.##!⌠.# ##..#.
#......# #....
##..#.## ##...
#####.## ##..


You could see a dire elephant simulacrum.

Vanquished Creatures
  A reaper (IceCv)
  2 boulder beetles (D:11)
  2 catoblepae
  4 two-headed ogres
  A skeletal warrior (D:11)
  Pikel (D:8)
  A manticore (D:11)
  A cyclops (D:11)
  An ugly thing (D:11)
  An ice statue (IceCv)
  6 elephants (Lair:1)
  3 cane toads (Lair:1)
  3 black mambas (Lair:2)
  An unseen horror (D:11)
  4 komodo dragons
  A freezing wraith (IceCv)
  2 ice devils (IceCv)
  3 trolls (D:11)
  Grinder (D:4)
  3 shadows
  Sigmund (D:6)
  2 wraiths (D:11)
  13 yaks
  A vampire (D:10)
  2 death yak simulacra (IceCv)
  A harpy simulacrum (IceCv)
  An acid dragon (D:10)
  7 water moccasins
  7 orc warriors
  4 black bears
  A sky beast (D:8)
  9 wolves
  An ogre (D:4)
  7 centaurs
  A phantom (D:5)
  4 kobold brigands
  4 bullfrogs
  3 scorpions
  4 two-headed ogre simulacra (IceCv)
  3 cane toad simulacra (IceCv)
  4 gnoll sergeants
  2 wights (Ossuary)
  A burial acolyte (Ossuary)
  A killer bee (D:10)
  5 elephant simulacra (IceCv)
  2 howler monkeys
  2 electric eels (Lair:1)
  3 bombardier beetles (D:5)
  4 hounds
  2 gnoll boudas
  5 orc priests
  3 sleepcaps
  Ijyb (D:4)
  3 iguanas
  8 orc wizards
  11 spriggan simulacra (IceCv)
  2 polar bear simulacra (IceCv)
  4 troll simulacra (IceCv)
  A mummy (Ossuary)
  7 adders
  30 gnolls
  4 naga simulacra (IceCv)
  A shadow imp (D:6)
  5 white imps
  4 ufetubi
  3 ribbon worms
  A dart slug (D:1)
  27 orcs
  4 endoplasms
  4 giant cockroaches
  3 goblins
  6 hobgoblins
  10 jackals
  2 quokkas
  6 ball pythons
  3 bats (D:1)
  6 frilled lizards
  4 gnoll skeletons (Ossuary)
  24 kobolds
  5 kobold skeletons (Ossuary)
  11 orc skeletons (Ossuary)
  7 rats
359 creatures vanquished.

Notes
Turn   | Place    | Note
-------+----------+-------------------------------------------
     0 | D:1      | Peloso the Minotaur Fighter began the quest for the Orb.
     0 | D:1      | Reached XP level 1. HP: 19/19 MP: 0/0
    65 | D:1      | Reached XP level 2. HP: 24/27 MP: 1/1
   151 | D:1      | Reached skill level 4 in Armour
   275 | D:1      | Reached XP level 3. HP: 33/33 MP: 2/2
  1558 | D:2      | Reached XP level 4. HP: 39/40 MP: 3/3
  1646 | D:2      | Found a hide-covered altar of Uskayaw.
  2155 | D:3      | Reached skill level 1 in Dodging
  2212 | D:3      | Found a runed translucent gate.
  2215 | D:3      | Found a runed translucent gate.
  2215 | D:3      | Noticed Tizio's ghost (amateur MiFi)
  2216 | D:3      | Found a runed translucent gate.
  2455 | D:4      | Noticed Ijyb
  2470 | D:4      | Killed Ijyb
  2568 | D:4      | Noticed an ogre
  2574 | D:4      | Killed an ogre
  2575 | D:4      | Reached XP level 5. HP: 39/47 MP: 4/4
  2758 | D:4      | Reached skill level 5 in Long Blades
  2917 | D:4      | Noticed Grinder
  2920 | D:4      | Paralysed by Grinder for 2 turns
  2929 | D:4      | Paralysed by Grinder for 4 turns
  2935 | D:4      | Killed Grinder
  2936 | D:4      | Reached skill level 5 in Armour
  2936 | D:4      | Reached XP level 6. HP: 15/55 MP: 5/5
  3352 | D:5      | Entered Level 5 of the Dungeon
  3374 | D:5      | Reached XP level 7. HP: 56/60 MP: 6/6
  3377 | D:5      | Reached skill level 5 in Fighting
  3412 | D:5      | Reached skill level 6 in Armour
  3815 | D:5      | Found a glowing silver altar of Zin.
  3947 | D:5      | Reached skill level 5 in Shields
  3967 | D:5      | Reached XP level 8. HP: 66/69 MP: 7/7
  4380 | D:6      | Reached skill level 7 in Armour
  4413 | D:6      | Got the Papyrus of Anemomancy and Firn
  4423 | D:6      | Found a sand-covered staircase.
  4429 | Ossuary  | Entered an ossuary
  4624 | Ossuary  | Found an ancient bone altar of Kikubaaqudgha.
  4637 | Ossuary  | Reached skill level 1 in Stealth
  4675 | Ossuary  | Identified a scroll of acquirement
  5151 | D:6      | Noticed Sigmund
  5159 | D:6      | Killed Sigmund
  5160 | D:6      | Reached skill level 8 in Armour
  5168 | D:6      | Reached XP level 9. HP: 53/78 MP: 8/8
  5361 | D:6      | Found a broken altar of Ashenzari.
  6340 | D:7      | Found a staircase to the Ecumenical Temple.
  6717 | Temple   | Entered the Ecumenical Temple
  6727 | Temple   | Became a worshipper of Warmaster Okawaru
  6770 | D:8      | Reached skill level 9 in Armour
  6902 | D:8      | Found a hazy altar of Hepliaklqana.
  6934 | D:8      | Reached * piety under Okawaru
  6974 | D:8      | Reached skill level 10 in Armour
  7089 | D:8      | Found a staircase to the Lair.
  7177 | D:8      | Reached skill level 10 in Long Blades
  7190 | D:8      | Noticed Pikel
  7209 | D:8      | Killed Pikel
  7209 | D:8      | Reached ** piety under Okawaru
  7210 | D:8      | Reached XP level 10. HP: 82/88 MP: 9/9
  7803 | D:9      | Found Wullimos's Antique Armour Boutique.
  7811 | D:9      | Bought a pair of encrusted boots for 275 gold pieces
  7811 | D:9      | Identified the +2 pair of boots of Vyiguovae {Fly rPois}
                  | (You bought it in a shop on level 9 of the Dungeon)
  7844 | D:9      | Noticed a two-headed ogre
  7851 | D:9      | Killed a two-headed ogre
  7979 | D:9      | Reached *** piety under Okawaru
  7985 | D:9      | Reached skill level 11 in Armour
  8638 | D:10     | Entered Level 10 of the Dungeon
  8854 | D:10     | Noticed a two-headed ogre
  8861 | D:10     | Killed a two-headed ogre
  8861 | D:10     | Reached **** piety under Okawaru
  9083 | D:10     | Noticed a two-headed ogre
  9099 | D:10     | HP: 3/90 [something (2)]
  9099 | D:10     | HP: 1/90 [something (2)]
  9105 | D:10     | Killed a two-headed ogre
  9363 | D:10     | Reached skill level 12 in Armour
  9368 | D:10     | Reached XP level 11. HP: 66/97 MP: 10/10
 10308 | D:11     | Noticed a two-headed ogre
 10323 | D:11     | Killed a two-headed ogre
 10323 | D:11     | Reached ***** piety under Okawaru
 10474 | D:11     | Noticed a skeletal warrior
 10475 | D:11     | Noticed a red ugly thing
 10500 | D:11     | Killed a skeletal warrior
 10501 | D:11     | Reached skill level 13 in Armour
 10508 | D:11     | Killed a red ugly thing
 10798 | D:11     | Received a gift from Okawaru
 10880 | D:11     | Noticed a boulder beetle
 10881 | D:11     | Noticed a boulder beetle
 10902 | D:11     | Killed a boulder beetle
 10903 | D:11     | Reached skill level 10 in Fighting
 10918 | D:11     | Killed a boulder beetle
 11070 | D:11     | HP: 4/101 [manticore (8)]
 11910 | Lair:1   | Entered Level 1 of the Lair of Beasts
 11927 | Lair:1   | Noticed a catoblepas
 11958 | Lair:1   | Reached XP level 12. HP: 27/108 MP: 8/11
 11976 | Lair:1   | Received a gift from Okawaru
 11977 | Lair:1   | Reached skill level 14 in Armour
 12578 | Lair:1   | Killed a catoblepas
 12579 | Lair:1   | Reached skill level 1 in Evocations
 12813 | Lair:1   | Reached skill level 1 in Invocations
 13827 | Lair:1   | Received a gift from Okawaru
 14148 | Lair:2   | Noticed a catoblepas
 14164 | Lair:2   | Killed a catoblepas
 14238 | Lair:2   | Found a staircase to the Snake Pit.
 14253 | Lair:2   | HP: 4/110 [black mamba (9)]
 14390 | Lair:2   | Noticed an eight-headed hydra
 14393 | Lair:2   | Found a frozen archway.
 14402 | IceCv    | Entered an ice cave
 15395 | IceCv    | Noticed a reaper
 15418 | IceCv    | HP: 1/112 [reaper/-4 scythe of freezing (13)]
 15420 | IceCv    | Killed a reaper
 15421 | IceCv    | Reached skill level 15 in Armour
 15449 | IceCv    | HP: 2/112 [harpy simulacrum (4)]
 15482 | IceCv    | HP: 5/112 [dire elephant simulacrum (9)]
 15482 | IceCv    | Slain by a dire elephant simulacrum

Illustrated notes

Levels and vault maps discovered:
D:1:      denvon_arrival_planthouse, layout_loops_ring
D:2:      layout_loops_ring, basic_altar
D:3:      layout_basic, ebering_ghost_rock_garden
D:4:      layout_basic, uniq_grinder, uniq_ijyb
D:5:      layout_loops_ring, kennysheep_little_box
D:6:      layout_cave_pools, ashenzari_conservatory_becter,
          nicolae_ossuary_entry_plus, uniq_sigmund
D:7:      layout_cave_pools, minmay_temple_entry_sparse_star
D:8:      layout_loops_ring, nicolae_hepliaklqana_hazy_memory,
          due_lair_maze_entry_diamond, grunt_decor_resistance, uniq_pikel
D:9:      layout_gridville, serial_shops, nicolae_shop_gibbet_a_chance
D:10:     layout_gridville, nrook_mini_backslash, st_stairs_8
D:11:     minmay_recursive_quarters, layout_basic
Temple:   compressed_dpeg_triangle_lava_temple
Lair:1:   layout_hall_layers, nicolae_quartered_pool_impasse, minivault_24,
          nicolae_lair_grazing_beasts [nicolae_sub_lair_graze_edge,
          nicolae_sub_lair_graze_edge, nicolae_sub_lair_graze_edge,
          nicolae_sub_lair_graze_edge]
Lair:2:   layout_roguey, shoals_dummy_entry, minmay_snake_entry_six_corridors,
          portal_ice_cave_entry_pillars_2, eino_small_chamber_without_monster,
          grunt_megastairs_4
IceCv:    ice_cave_caverns_01

Skill      XL: |  1  2  3  4  5  6  7  8  9 10 11 12 |
---------------+-------------------------------------+-----
Fighting       | 4 5 6 7 9 10 12 | 12.0
Armour         | 4 5 6 8 10 12 13 15 | 15.0
Long Blades    | 3 4 5 7 8 10 12 13 14 | 14.7
Shields        | 4 5 6 7 8 9 |  9.5
Dodging        | 1 2 3 4 |  4.6
Stealth        | 1 2 |  2.1
Evocations     | 1 |  1.2
Invocations    | 1 |  1.8
Throwing       | |  0.9

Action                     |  1- 3 |  4- 6 |  7- 9 | 10-12 || total
---------------------------+-------+-------+-------+-------++-------
  Melee: Long sword        |   103 |    66 |   325 |   660 ||  1154
         Headbutt          |    11 |    11 |    62 |   176 ||   260
 Invoke: Heroism           |       |       |       |    10 ||    10
  Evoke: Wand              |       |     4 |       |     4 ||     8
    Use: Scroll            |     6 |     6 |     3 |     8 ||    23
         Potion            |     2 |       |       |    19 ||    21
 Armour: Scale mail        |    53 |    53 |       |       ||   106
         Plate armour      |       |     8 |   377 |   566 ||   951
         Chain mail        |       |       |       |    75 ||    75
  Dodge: Dodged            |    53 |    41 |   117 |   265 ||   476
  Block: Buckler           |    18 |    18 |    98 |   213 ||   347
